 Dungeon Crawl Stone Soup version 0.32-a0-872-g59262bd (webtiles) character file.

Game seed: 2701397251720892430

19329 lyrin the Carver (level 11, -3/92 HPs)
             Began as a Merfolk Wanderer on Mar 30, 2024.
             Was a High Priest of Ru.
             Slain by a slime creature (10 damage)
             ... on level 12 of the Dungeon.
             The game lasted 00:33:04 (19048 turns).

lyrin the Carver (Merfolk Wanderer)                Turns: 19048, Time: 00:33:05

Health: -3/92      AC: 11    Str: 16    XL:     11   Next: 67%
Magic:  0/30       EV: 15    Int: 15    God:    Ru [*****.]
Gold:   967        SH:  0    Dex: 16    Spells: 21/23 levels left

rFire   x . .        K - +6 falchion
rCold   x . .        (no shield)
rNeg    . . .        I - +0 steam dragon scales
rPois   .            s - +0 helmet
rElec   .            Q - +1 cloak of Bedevilment {Str+5 Stlth+}
rCorr   .            G - +0 pair of gloves
SInv    .            J - +0 pair of boots
Will    +....        t - amulet of guardian spirit
Stlth   ++           e - ring of willpower
HPRegen 0.35/turn    p - ring of magical power
MPRegen 0.22/turn

%: inaccuracy (-5), guardian spirit
@: exhausted
A: inexperienced 1, missing an eye, temperature sensitive, (nimble swimmer 2),
mertail, no forms
a: Renounce Religion, Draw Out Power, Power Leap, Apocalypse


You were on level 12 of the Dungeon.
You worshipped Ru.
Ru was extremely pleased with you.
You visited 1 branch of the dungeon, and saw 13 of its levels.
You also visited: Ossuary.

You collected 967 gold pieces.

Inventory:

Hand Weapons
 i - a +2 short sword of freezing
 l - a +2 dagger of flaming
 n - a +2 dagger of venom
 K - a +6 falchion (weapon)
Missiles
 b - 40 poisoned darts (quivered)
 O - 2 throwing nets
Armour
 s - a +0 helmet (worn)
 G - a +0 pair of gloves (worn)
 H - a +0 troll leather armour
 I - +0 steam dragon scales (worn)
 J - a +0 pair of boots (worn)
 Q - the +1 cloak of Bedevilment (worn) {Str+5 Stlth+}
   (You found it on level 9 of the Dungeon)

   Str+5:     It affects your strength (+5).
   Stlth+:    It makes you more stealthy.
Magical Staves
 c - a staff of cold
Jewellery
 e - a ring of willpower (left hand)
 f - a ring of positive energy
 p - a ring of magical power (right hand)
 t - an amulet of guardian spirit (around neck)
 R - a +6 ring of intelligence
 S - a +5 ring of evasion
Wands
 B - a wand of flame (62)
 D - a wand of digging (4)
Scrolls
 a - 3 scrolls of enchant weapon
 g - 5 scrolls of enchant armour {unknown}
 h - a scroll of brand weapon {unknown}
 k - 4 scrolls of teleportation
 m - 5 scrolls of noise
 o - 2 scrolls of vulnerability
 x - 3 scrolls of amnesia
 y - a scroll of fog
 z - a scroll of summoning {unknown}
 E - a scroll of poison {unknown}
 F - 2 scrolls of blinking
 L - 2 scrolls of revelation
 P - 2 scrolls of immolation
Potions
 d - 2 potions of attraction
 j - a potion of brilliance {unknown}
 q - 8 potions of curing
 r - a potion of enlightenment
 u - 2 potions of heal wounds
 v - 8 potions of ambrosia
 w - a potion of mutation {unknown}
 A - 4 potions of magic
 C - 2 potions of berserk rage {unknown}
 M - a potion of haste {unknown}
 N - a potion of resistance {unknown}


   Skills:
 + Level 10.6 Fighting
 - Level 9.9(12.6) Short Blades
 + Level 12.4(13.8) Long Blades
 + Level 2.4 Throwing
 + Level 4.2 Armour
 - Level 7.8 Dodging
 - Level 0.1 Stealth
 * Level 6.6 Spellcasting
 * Level 5.8 Conjurations
 + Level 1.5 Air Magic
 + Level 1.6 Evocations


You had 21 spell levels left.
You knew the following spells:

 Your Spells              Type           Power      Damage    Failure   Level
a - Searing Ray           Conj           44%        2d6       1%          2

Your spell library contained the following spells:

 Spells                   Type           Power      Damage    Failure   Level
 Magic Dart               Conj           88%        1d7       1%          1
 Sting                    Conj/Alch      52%        1d6       4%          1
 Static Discharge         Conj/Air       32%        3-5/arc   4%          2
 Dazzling Flash           Conj/Hex       26%        N/A       12%         3
 Apportation              Tloc           8%         N/A       14%         1
 Necrotise                Necr           16%        1d4       14%         1
 Slow                     Hex            16%        N/A       14%         1
 Summon Small Mammal      Summ           16%        N/A       14%         1
 Mercury Vapours          Alch/Air       14%        N/A       16%         2
 Mephitic Cloud           Conj/Alch/Air  12%        N/A       16%         3
 Call Canine Familiar     Summ           4%         N/A       38%         3
 Confusing Touch          Hex            4%         N/A       38%         3
 Vampiric Draining        Necr           4%         2d6       38%         3
 Fulminant Prism          Conj/Alch      6%         3d7       38%         4
 Martyr's Knell           Necr/Summ      4%         N/A       80%         4
 Summon Blazeheart Golem  Fire/Summ      4%         N/A       80%         4
 Silence                  Hex/Air        3%         N/A       95%         5
 Curse of Agony           Necr           4%         N/A       98%         5
 Summon Forest            Summ/Tloc      2%         N/A       98%         5
 Summon Mana Viper        Hex/Summ       4%         N/A       98%         5
 Summon Cactus Giant      Summ           2%         N/A       100%        6


Dungeon Overview and Level Annotations

Branches:
Dungeon (13/15)            Temple (0/1) D:6            Lair (0/5) D:9
Ossuary (visited)
    Orc: D:9-12      Vaults: D:13-14

Altars:
Cheibriados
Elyvilon
Fedhas
Gozag
Kikubaaqudgha
Ru
Xom
Zin
The Shining One

Annotations:
D:6 1 runed translucent door, korenl137's ghost, novice KoEn
D:11 3 runed translucent doors, Etrinav's ghost, journeyman DrSh; RobotCleanerRider's ghost, journeyman TrFi; s1036's ghost, journeyman DrSh


Innate Abilities, Weirdness & Mutations

You are somewhat inexperienced. (-1 XL)
You are missing an eye, making it more difficult to aim.
You are sensitive to extremes of temperature. (rF-, rC-)
((You are very nimble when in or above water. (Stealth+, EV+, Speed+++)))
Your lower body shifts to a powerful aquatic tail in water.
You cannot voluntarily change form.


Message History

The slime creature hits you.
You completely miss the slime creature.
The slime creature is severely wounded.
The slime creature hits you!
You focus your inner power and illuminate the slime creature in retribution!
You barely miss the slime creature.
The slime creature is severely wounded.
The slime creature hits you. x2; The slime creature hits you!
You slash the slime creature!
The slime creature is severely wounded.
The slime creature hits you. x2; The slime creature hits you! x2
Unknown command.
Aiming: Power Leap
Press: ? - help, Dir - move target Two slime creatures merge to form a large slime creature.
Two slime creatures merge to form a very large slime creature.
The slime creature attacks as it pursues you!
The slime creature closely misses you.
The very large slime creature stops glowing.
The slime creature attacks as it pursues you!
The slime creature hits you!
* * * LOW HITPOINT WARNING * * *
The slime creature attacks as it pursues you!
The slime creature hits you but does no damage.
The slime creature attacks as it pursues you!
The slime creature hits you.
* * * LOW HITPOINT WARNING * * *
The slime creature attacks as it pursues you!
The slime creature hits you but does no damage.
The slime creature attacks as it pursues you!
The slime creature hits you.
* * * LOW HITPOINT WARNING * * *
Okay, then.
The deep elf pyromancer gestures at you while chanting.
The bolt of fire hits you!! The fire burns you terribly!
* * * LOW HITPOINT WARNING * * *
The slime creature attacks as it pursues you!
The slime creature hits you!
You die...
Ru respects your ultimate sacrifice.

#......# #..# ##.....# #..#
###..[# #..# ####.# #..# ###....#
#..# .......# #..#
.......##################.^######
.......#......).....J............
##.###.#........@J.##############
...# #.##########..# ...# #.#
#..# [..###.# #..# ...##..# #..#
#####..# #..##############
###...##########.e...<..........
##.....#.........................
.......#########..............<..


You could see a very large slime creature, a slime creature and a deep elf
pyromancer.

Vanquished Creatures
  Fannar (D:12)
  A centaur warrior (D:13)
  2 two-headed ogres
  3 boulder beetles (D:12)
  Lodul (D:11)
  A cyclops (D:12)
  A manticore (D:12)
  A deep elf pyromancer (D:11)
  A salamander (shapeshifter) (D:12)
  2 ugly things (D:12)
  An elephant (D:8)
  2 gargoyles
  3 unseen horrors
  3 kobold demonologists (D:12)
  A freezing wraith (D:11)
  A queen bee (D:10)
  4 trolls
  2 slime creatures (D:12)
  2 wyverns (D:8)
  A vampire (D:11)
  2 wraiths
  2 basilisks
  7 yaks
  Eustachio (D:5)
  A steam dragon (D:7)
  4 vampire mosquitoes
  An acid dragon (D:7)
  3 water moccasins
  2 black bears
  A sky beast (D:6)
  9 orc warriors
  7 ogres
  8 centaurs
  A phantom (D:5)
  2 kobold brigands
  2 bullfrogs (D:7)
  4 scorpions
  4 wights (D:7)
  29 killer bees
  3 howler monkeys (D:11)
  A bombardier beetle (D:7)
  5 hounds
  10 orc priests
  4 iguanas
  12 orc wizards
  A sleepcap (D:7)
  4 scorpion zombies (Ossuary)
  Terence (D:1)
  3 mummies (Ossuary)
  4 gnolls
  6 adders
  3 shadow imps
  A white imp (D:7)
  5 adder zombies (Ossuary)
  2 dart slugs
  A ribbon worm (D:2)
  50 orcs
  4 endoplasms
  2 giant cockroaches (D:4)
  8 goblins
  6 hobgoblins
  8 jackals
  6 quokkas
  10 ball pythons
  8 bats
  4 frilled lizards
  2 gnoll zombies (Ossuary)
  4 jackal zombies (Ossuary)
  24 kobolds
  2 kobold zombies (Ossuary)
  5 rats
333 creatures vanquished.

Vanquished Creatures (others)
  A howler monkey (D:13)
  An iguana (D:6)
  An orc (D:9)
3 creatures vanquished.

Grand Total: 336 creatures vanquished

Notes
Turn   | Place    | Note
-------+----------+-------------------------------------------
     0 | D:1      | lyrin the Merfolk Wanderer began the quest for the Orb.
     0 | D:1      | lyrin set off with the following items: a +0 dagger, 11
                  | poisoned darts, a +2 leather armour, a potion of
                  | attraction; and the following spells available to memorise:
                  | Mercury Vapours, Static Discharge.
     0 | D:1      | Reached XP level 1. HP: 13/13 MP: 2/2
    83 | D:1      | Reached XP level 2. HP: 13/19 MP: 3/3
   503 | D:1      | Reached XP level 3. HP: 24/24 MP: 4/4
  1124 | D:2      | Reached skill level 1 in Short Blades
  1163 | D:2      | Found a faded altar of an unknown god.
  1267 | D:2      | Noticed Terence
  1299 | D:2      | HP: 1/25 [Terence/+0 flail (1)]
  1307 | D:1      | Killed Terence
  1308 | D:1      | Reached XP level 4. HP: 4/31 MP: 5/5
  1536 | D:2      | Reached skill level 1 in Armour
  1548 | D:2      | Found a sacrificial altar of Ru.
  1564 | D:2      | Became a worshipper of Ru the Awakened
  2049 | D:3      | Reached skill level 1 in Fighting
  2055 | D:3      | Reached XP level 5. HP: 36/37 MP: 6/6
  2518 | D:4      | Gained mutation: You are sensitive to extremes of
                  | temperature. (rF-, rC-) [Ru sacrifice]
  2518 | D:4      | Reached * piety under Ru
  2518 | D:4      | Reached ** piety under Ru
  2767 | D:4      | Found an opulent altar of Gozag.
  2775 | D:4      | Found a glowing silver altar of Zin.
  2775 | D:4      | Found a glowing golden altar of the Shining One.
  2784 | D:4      | Found a snail-covered altar of Cheibriados.
  2784 | D:4      | Found a blossoming altar of Fedhas.
  3271 | D:5      | Entered Level 5 of the Dungeon
  3366 | D:5      | Noticed Eustachio
  3387 | D:5      | Killed Eustachio
  3388 | D:5      | Reached XP level 6. HP: 40/44 MP: 7/7
  3485 | D:5      | Reached XP level 7. HP: 47/51 MP: 8/8
  3487 | D:5      | Found a sand-covered staircase.
  3492 | Ossuary  | Entered an ossuary
  3586 | Ossuary  | Reached skill level 5 in Short Blades
  4084 | D:5      | Reached XP level 8. HP: 40/60 MP: 9/9
  4531 | D:6      | Found a runed translucent door.
  4534 | D:6      | Noticed korenl137's ghost (novice KoEn)
  4596 | D:6      | Gained mutation: You are missing an eye, making it more
                  | difficult to aim. [Ru sacrifice]
  4596 | D:6      | Reached *** piety under Ru
  4680 | D:6      | Found a staircase to the Ecumenical Temple.
  5013 | D:6      | Learned a level 2 spell: Searing Ray
  5473 | D:6      | Reached skill level 5 in Fighting
  5642 | D:6      | Reached skill level 1 in Conjurations
  6123 | D:6      | Reached XP level 9. HP: 53/68 MP: 11/11
  7444 | D:7      | Found an ancient bone altar of Kikubaaqudgha.
  8422 | D:8      | Reached skill level 1 in Long Blades
  8801 | D:8      | Found a sacrificial altar of Ru.
  8860 | D:9      | Reached skill level 2 in Long Blades
  8971 | D:8      | Reached XP level 10. HP: 36/75 MP: 8/15
  9158 | D:9      | Reached skill level 3 in Long Blades
  9198 | D:9      | Noticed an elephant
  9457 | D:8      | Reached skill level 4 in Long Blades
  9585 | D:8      | Killed an elephant
  9931 | D:9      | Reached skill level 5 in Long Blades
 10330 | D:9      | Gained mutation: You are somewhat inexperienced. (-1 XL)
                  | [Ru sacrifice]
 10330 | D:9      | Reached XP level 9. HP: 72/72 MP: 24/24
 10330 | D:9      | Reached **** piety under Ru
 10330 | D:9      | Reached ***** piety under Ru
 10412 | D:9      | Found a shimmering altar of Xom.
 10464 | D:9      | Identified the +1 cloak of Bedevilment {Str+5 Stlth+}
 10620 | D:9      | Found a staircase to the Lair.
 10993 | D:10     | Entered Level 10 of the Dungeon
 11023 | D:10     | Reached skill level 6 in Long Blades
 11145 | D:10     | Reached skill level 7 in Long Blades
 11180 | D:10     | Reached XP level 10. HP: 45/76 MP: 17/17
 11240 | D:10     | Reached skill level 5 in Spellcasting
 11396 | D:10     | Reached skill level 8 in Long Blades
 11866 | D:10     | Noticed a two-headed ogre
 11881 | D:10     | Killed a two-headed ogre
 11997 | D:10     | Found a white marble altar of Elyvilon.
 12340 | D:11     | Noticed a two-headed ogre
 12346 | D:11     | Killed a two-headed ogre
 12347 | D:11     | Reached skill level 9 in Long Blades
 13016 | D:11     | Found a runed translucent gate.
 13016 | D:11     | Found a runed translucent gate.
 13016 | D:11     | Found a runed translucent gate.
 13021 | D:11     | Noticed s1036's ghost (journeyman DrSh)
 13021 | D:11     | Noticed Etrinav's ghost (journeyman DrSh)
 13021 | D:11     | Noticed RobotCleanerRider's ghost (journeyman TrFi)
 13129 | D:11     | Gained mutation: You cannot voluntarily change form. [Ru
                  | sacrifice]
 13373 | D:11     | Noticed a deep elf pyromancer
 13399 | D:11     | Killed a deep elf pyromancer
 13602 | D:11     | Reached skill level 10 in Long Blades
 14110 | D:11     | Noticed Lodul
 14142 | D:11     | Killed Lodul
 14143 | D:11     | Reached skill level 5 in Conjurations
 15145 | D:12     | Reached XP level 11. HP: 58/89 MP: 19/19
 15335 | D:12     | Reached skill level 11 in Long Blades
 15609 | D:12     | Noticed a boulder beetle
 15714 | D:12     | Killed a boulder beetle
 15961 | D:12     | Noticed a boulder beetle
 16184 | D:12     | Killed a boulder beetle
 16185 | D:12     | Reached skill level 10 in Fighting
 16437 | D:12     | Noticed a boulder beetle
 16523 | D:12     | Killed a boulder beetle
 16857 | D:12     | Noticed Fannar
 16909 | D:12     | Noticed a sun demon
 17853 | D:12     | Noticed a sun demon
 18132 | D:12     | Killed Fannar
 18133 | D:12     | Reached skill level 12 in Long Blades
 18243 | D:13     | Noticed a centaur warrior
 18665 | D:13     | Killed a centaur warrior
 19048 | D:12     | Slain by a slime creature

Illustrated notes

Levels and vault maps discovered:
D:1:      dpeg_arrival_round_a, layout_basic, minmay_pentomino_o4
D:2:      layout_basic, basic_altar, shapermc_ecumenical_altar_flowoftime,
          kennysheep_generic_room_9, uniq_terence
D:3:      layout_basic, st_stairs_3, glass_columns_c
D:4:      layout_gridville, grunt_temple_overflow_open,
          hangedman_abyss_or_decor_passed
D:5:      layout_basic, lightli_ossuary_entry_decrepit_ruins, uniq_eustachio
D:6:      layout_basic, minmay_temple_entry_grid, ebering_ghost_reflecting_pool,
          grunt_decor_resistance, lightli_orcish_oven
D:7:      minmay_inner_zag, layout_cave_pods, general_overflow_altar
D:8:      layout_rooms, nicolae_ru_the_path_less_chosen, serial_rivers,
          chequers_serial_rivers_small_b, chequers_serial_rivers_room_b,
          chequers_serial_rivers_marsh, chequers_serial_rivers_small_b
D:9:      layout_roguey, nicolae_overflow_crystal_walls, david_lair_generic
D:10:     layout_basic, mainiacjoe_overflow_cross_hatched, special_room
          [special_room_bee]
D:11:     layout_stronghold, david_orc_4, gammafunk_ghost_cemetery, uniq_lodul
D:12:     minmay_recursive_quarters, layout_long_grid, uniq_fannar
D:13:     layout_cave_pools, hellmonk_vaults_attempted_burglary, serial_shops,
          shop, uniq_rupert

Skill      XL: |  1  2  3  4  5  6  7  8  9 10 11 |
---------------+----------------------------------+-----
Dodging        | 7 |  7.8
Short Blades   | 1 2 4 6 8 9 |  9.9
Armour         | 1 2 3 4 |  4.2
Fighting       | 1 2 3 5 8 9 10 | 10.6
Conjurations   | 1 4 5 |  5.8
Spellcasting   | 3 5 6 |  6.6
Long Blades    | 7 10 12 | 12.4
Throwing       | 2 |  2.4
Stealth        | |  0.1
Air Magic      | |  1.5
Evocations     | |  1.6

Action                     |  1- 3 |  4- 6 |  7- 9 | 10-12 || total
---------------------------+-------+-------+-------+-------++-------
  Melee: Dagger            |    81 |    12 |   720 |    24 ||   837
         Short sword       |   123 |   135 |    15 |       ||   273
         Falchion          |       |       |   230 |   903 ||  1133
  Throw: Dart              |       |       |       |    21 ||    21
   Cast: Searing Ray       |       |       |       |     5 ||     5
 Invoke: Sacrifice Resista |       |     1 |       |       ||     1
         Sacrifice an Eye  |       |       |     1 |       ||     1
         Draw Out Power    |       |       |     7 |    10 ||    17
         Sacrifice Experie |       |       |     1 |       ||     1
         Power Leap        |       |       |       |     2 ||     2
         Sacrifice Forms   |       |       |       |     1 ||     1
         Apocalypse        |       |       |       |     1 ||     1
  Evoke: Wand              |       |       |     4 |     5 ||     9
    Use: Potion            |     1 |       |     1 |     1 ||     3
         Scroll            |       |       |       |    15 ||    15
   Stab: Distracted        |       |       |     5 |     7 ||    12
         Invisible         |       |       |     3 |     7 ||    10
         Sleeping          |       |       |     1 |     3 ||     4
 Armour: Leather armour    |    79 |    73 |   315 |       ||   467
         Steam dragon scal |       |       |   160 |   672 ||   832
  Dodge: Dodged            |   186 |   105 |   555 |   619 ||  1465

Table legend: (Time is in decaauts)
 A = Elapsed time spent in this place.
 B = Non-inter-level travel time spent in this place.
 C = Inter-level travel time spent in this place.
 D = Time resting spent in this place.
 E = Time spent auto-exploring this place.
 F = Levels seen in this place.
 G = Mean time per level.
                   A        B        C        D        E       F      G
               +--------+--------+--------+--------+--------+-----+--------+
         Total |  18455 |  17942 |    513 |   4292 |   9286 |  14 | 1318.2 |
       Dungeon |  18009 |  17496 |    513 |   4216 |   9157 |  13 | 1385.3 |
       Ossuary |    445 |    445 |      0 |     76 |    129 |   1 |  445.0 |
               +--------+--------+--------+--------+--------+-----+--------+

Top non-repeatable levels by time:
    D:12: 3088 daAuts
    D:11: 2825 daAuts
     D:6: 2160 daAuts
     D:8: 1473 daAuts
     D:7: 1452 daAuts
    D:10: 1329 daAuts
     D:9: 1301 daAuts
     D:1: 1175 daAuts
     D:4: 831 daAuts
     D:5: 732 daAuts
     D:2: 635 daAuts
     D:3: 611 daAuts
 Ossuary: 445 daAuts
    D:13: 392 daAuts
